 Dungeon Crawl Stone Soup version 0.25.0-11-g1f837a76a1 (webtiles) character file.

Game seed: 11752321707003396920

103 emikaela the Slasher (level 4, -4/25 HPs)
             Began as a Deep Elf Chaos Knight on June 26, 2020.
             Was an Initiate of Kikubaaqudgha.
             Killed by nerve-wracking pain
             ... invoked by an orc priest
              (13 damage)
             ... on level 3 of the Dungeon.
             The game lasted 00:08:45 (2826 turns).

emikaela the Slasher (Deep Elf Chaos Knight)        Turns: 2826, Time: 00:08:45

Health: -4/25      AC:  7    Str:  9 (10) XL:     4   Next: 51%
Magic:  6/6        EV: 12    Int: 16 (17) God:    Kikubaaqudgha [......]
Gold:   170        SH:  0    Dex: 12 (14) Spells: 3/3 levels left

rFire    . . .     SeeInvis .   a - +0 falchion (chaos)
rCold    . . .     Gourm    .   (no shield)
rNeg     . . .     Faith    .   k - +2 leather armour
rPois    .         Spirit   .   (no helmet)
rElec    .         Reflect  .   (no cloak)
rCorr    .         Harm     .   (no gloves)
MR       .....                  (no boots)
Stlth    ++........             (no amulet)
HPRegen  0.08/turn              (no ring)
MPRegen  0.10/turn              (no ring)

@: no status effects
A: molten scales 1, frail 1, evolution 1
a: Renounce Religion


You were on level 3 of the Dungeon.
You worshipped Kikubaaqudgha.
Kikubaaqudgha was noncommittal.
You were not hungry.

You visited 1 branch of the dungeon, and saw 3 of its levels.

You collected 170 gold pieces.

Inventory:

Hand Weapons
 a - a +0 falchion of chaos (weapon)
 b - a +0 hunting sling
Missiles
 c - 9 boomerangs
 s - 99 stones (quivered)
 S - 39 sling bullets
Armour
 k - a +2 leather armour (worn)
Scrolls
 d - a scroll of identify {unknown}
 g - 2 scrolls of immolation {unknown}
 h - 2 scrolls of teleportation {unknown}
 i - a scroll of enchant armour {unknown}
 j - 5 scrolls of remove curse {unknown}
Potions
 f - a potion of degeneration {!q}
 l - a potion of brilliance {unknown}
Comestibles
 e - 2 chunks of flesh
 r - 4 rations


   Skills:
 - Level 3.0 Fighting
 + Level 3.7 Long Blades
 - Level 0.7 Armour
 + Level 2.6 Dodging
 - Level 3.0 Stealth


You had 3 spell levels left.
You didn't know any spells.
Your spell library was empty.

Dungeon Overview and Level Annotations

Branches:
Dungeon (3/15)

Altars:
Kikubaaqudgha
Xom

Annotations:
D:2 exclusions: adder and worm


Innate Abilities, Weirdness & Mutations

You are partially covered in molten scales. (AC +2)
You are frail. (-10% HP)
You evolve.


Message History

The orc priest hits you with a +0 short sword.
You are too injured to fight recklessly!
You are too injured to fight recklessly!
You closely miss the orc priest.
The orc priest hits you with a +0 short sword.
You completely miss the orc priest. The orc priest closely misses you.
You hit the orc priest.
The orc priest is lightly wounded.
The orc priest blinks!
The orc priest hits you but does no damage.
You hit the orc priest. You drain the orc priest.
The orc priest is heavily wounded.
The orc priest begins to cast a cantrip, but forgets the words!
You completely miss the orc priest.
The orc priest is heavily wounded.
The orc priest mumbles some strange prayers to Beogh against you.
Pain shoots through your body!
Ouch! That really hurt!
You die...
Kikubaaqudgha rasps: "You have failed me!
Welcome... death!"

#.# #.#.# #.# #.#.# #.# #.#.#
#)# #.#.# #.# #.#.##########
#.# #.#..........#
##.####.##.......#.#
#.......##.#####o#.#########
##.####.##.# #@#.........#
...# #.##.# #.#########.# ##.#
####.# #.# #.# ##.#
#.#####.#########.### ##.#
#.##...............)#
##.##########.################
........# #.# .#.######.oo'.#
...# #...###


You could see an orc priest (drained).

Vanquished Creatures
  A gnoll (D:3)
  4 adders (D:3)
  2 dart slugs
  A leopard gecko (D:3)
  4 orcs (D:3)
  8 bats
  3 giant cockroaches
  5 goblins
  4 hobgoblins
  2 jackals (D:1)
  9 kobolds
  3 frilled lizards
  5 rats
51 creatures vanquished.

Vanquished Creatures (others)
  A human (D:2)
1 creature vanquished.

Grand Total: 52 creatures vanquished

Notes
Turn   | Place    | Note
-------+----------+-------------------------------------------
     0 | D:1      | emikaela the Deep Elf Chaos Knight began the quest for the
                  | Orb.
     0 | D:1      | Reached XP level 1. HP: 13/13 MP: 3/3
    76 | D:1      | XOM: silly message
   129 | D:1      | Reached skill level 1 in Stealth
   183 | D:1      | Reached XP level 2. HP: 18/18 MP: 4/4
   383 | D:1      | XOM: divination: detect items
   674 | D:1      | XOM: 1-stop teleportation journey
   998 | D:2      | Reached XP level 3. HP: 22/22 MP: 5/5
  1100 | D:2      | XOM: scenery: create altars
  1411 | D:2      | XOM: give mutations
  1411 | D:2      | Gained mutation: You evolve. [Xom's grace]
  1411 | D:2      | Gained mutation: You are partially covered in molten
                  | scales. (AC +2) [Xom's grace]
  1461 | D:2      | Found an ancient bone altar of Kikubaaqudgha.
  1464 | D:2      | Noticed a human
  1465 | D:2      | Killed a human
  1469 | D:2      | Fell from the grace of Xom
  1469 | D:2      | Became a worshipper of Kikubaaqudgha
  1744 | D:3      | XOM: polymorph leopard gecko -> gnoll
  2012 | D:3      | XOM: give mutation
  2012 | D:3      | Gained mutation: You are frail. (-10% HP) [Xom's mischief]
  2169 | D:3      | Reached XP level 4. HP: 19/24 MP: 6/6
  2826 | D:3      | Killed from afar by an orc priest

Illustrated notes

Levels and vault maps discovered:
D:1:      psy_arrival_fountain, layout_loops_ring
D:2:      layout_basic, first_ration, tgw_kikubaaqudgha
D:3:      layout_basic, eino_tiny_chamber, serial_bayou_pond_b

Skill      XL: |  1  2  3  4 |
---------------+-------------+-----
Long Blades    | 3 |  3.7
Stealth        | 1 2 3 |  3.0
Fighting       | 3 |  3.0
Armour         | |  0.7
Dodging        | |  2.6

Action                   |  1- 3 |  4- 6 || total
-------------------------+-------+-------++-------
Melee: Falchion          |   121 |    47 ||   168
Throw: Stone             |    58 |    28 ||    86
  Use: Potion            |     5 |       ||     5
 Stab: Sleeping          |     3 |     1 ||     4
  Eat: Chunk             |     1 |     2 ||     3
       Ration            |     1 |       ||     1
Armor: Leather armour    |    50 |    10 ||    60
Dodge: Dodged            |    70 |    27 ||    97
       Rpst.: Falchion   |    24 |    13 ||    37
